woodfighter, chaotic female elven Priestess ----- -------- ------- |...| ------- |......| ##......| ##-...| ##......| #.......| # |.....-- # |...-# # |*<...| #-------- ### |......| ### ---|-#####+.....| ### # |......| # # ## |..{..| # -------- ### |......| ### # #### ------- # |......| # -.-|---- # # ## # |......-#### # # ### # ## # |......| # f # ## ## # -------- # # ### -|---# # -.-@-# |...-# ------- # |..d|# |...|###|+>...--------# |...|# |...|# #.............|# |...|# |...|# |............-# |..Q|# |....# |............|# |....# ----- |..........^..# ----- -------------- woodfighter the Adept Experience level: 6 Strength: 14 Dexterity: 12 Constitution: 17 Intelligence: 20 Wisdom: 7 Charisma: 9 Health: 0(56) Energy: 58(58) Def: 4 Gold: 712 Moves: 3051 Dungeon seed: EOFn3f93Hpyl93Ak Game ID: woodfighter_1534344215 Your Inventory: Coins $ - 712 gold pieces Weapons a - a blessed +1 mace (weapon in hand) Armor e - a +0 robe (being worn) n - a +0 small shield (being worn) r - a +0 orcish helm (being worn) N - a +0 mummy wrapping Comestibles d - 2 sprigs of wolfsbane F - an orange H - a lichen corpse Scrolls k - a scroll of remove curse o - a scroll of confuse monster t - a scroll of scare monster E - a scroll of scare monster Potions b - 5 potions of holy water l - a blessed potion of gain energy p - a potion of unholy water s - 2 potions of speed u - a potion of sickness z - 2 cursed potions of healing B - a potion of extra healing C - a potion of enlightenment G - a potion of sleeping J - a blessed potion of booze Wands f - a wand of cancellation (0:1) x - a wand of enlightenment (0:11) Tools j - a wooden harp y - a lock pick A - a blessed oil lamp (0:1243) (alternate weapon; not wielded) Spells and supernatural/magical abilities: Name Level Category Fail Memory l - light 1 divination 0% 85% n - detect monsters 1 divination 0% 85% p - protection 1 clerical 0% 85% W - pray for help -- divine ? -- X - turn undead -- divine ? -- Your skills at the end: Miscellaneous Skills shield [Basic] wands [Basic] Weapon Skills mace [Basic] Spellcasting Skills clerical spells [Basic] Final Attributes: You were piously aligned. You were sleep resistant. You had infravision. You were very stealthy. You are dead. Vanquished creatures: a winter wolf cub an orc mummy a dingo a pony 2 fog clouds a gray ooze a straw golem a puppy 3 iguanas 2 rothes a centipede 4 jitterbugs a giant bat 4 dwarf zombies 2 killer bees 2 hobbits an acid blob 3 geckos 2 hobgoblins 2 cave spiders a brown mold 17 manes a gnome zombie 7 jackals a fox a kobold 6 newts 3 grid bugs a bat 3 lichens 2 kobold zombies 79 creatures vanquished. Voluntary challenges: You did not adorn yourself with jewelry or accessories. You did not cause conflict. You were not invisible. You did not have reflection. You were not displaced. You were an atheist. You used a wielded weapon 136 times, starting on turn 115. You did not use containers. You did not apply a unicorn horn. You did not use plumbed fixtures. You did not drink any magical draughts. You were illiterate. You never genocided any monsters. You never polymorphed an object. You never changed form. You used no wishes. You never split a pudding. You never wrote Elbereth's name. You never violated your personal moral code. Dungeon overview: The Dungeons of Doom: levels 1 to 9 Level 1 a fountain a long staircase Level 2 (box + water) a fountain stairs to The Gnomish Mines Level 3 (vault) Level 4 some fountains Level 5 Level 6 some fountains Level 7 some fountains Level 8 (books) <- You were here a fountain Level 9 The Gnomish Mines: Level 3 stairs to The Dungeons of Doom History has recorded: On T:1 you entered the Dungeons of Doom to retrieve the Amulet of Yendor! On T:72 you reached level 2 of The Dungeons of Doom. On T:316 you reached level 3 of The Dungeons of Doom. On T:420 you reached level 1 of The Gnomish Mines. On T:615 you advanced to experience level 2. On T:700 you advanced to experience level 3. On T:943 you reached level 4 of The Dungeons of Doom. On T:982 you advanced to experience level 4. On T:1205 you reached level 5 of The Dungeons of Doom. On T:1661 you reached level 6 of The Dungeons of Doom. On T:1711 you advanced to experience level 5. On T:1906 you reached level 7 of The Dungeons of Doom. On T:2196 you reached level 8 of The Dungeons of Doom. On T:2377 you advanced to experience level 6. On T:2667 you reached level 9 of The Dungeons of Doom. Score breakdown: Gold: 712 ( 71 points) Experience: 6 levels ( 500 points) Exploration: 9 levels ( 240 points) Discoveries: 14 items ( 700 points) Variety of kills: 31 monsters ( 1550 points) Major goal: (nothing yet) ( 0 points) Survival: died (score multiplied by 3) Total score: 9183 Latest messages: J - a blessed magenta potion. Nowhere else around here can be automatically explored. Where do you want to travel to? That door is closed. WHAMMM!!! (5x) As you kick the door, it crashes open! Where do you want to travel to? You stop travelling. The winter wolf cub bites! You hit the winter wolf cub! The winter wolf cub bites! You hit the winter wolf cub! The winter wolf cub bites! You hit the winter wolf cub! The winter wolf cub bites! You kill the winter wolf cub! The winter wolf cub bites! You hit the winter wolf cub. The winter wolf cub bites! You hit the winter wolf cub. The winter wolf cub bites! You hit the winter wolf cub! The winter wolf cub bites! You die... Final status: Goodbye woodfighter the Priestess, killed by a winter wolf cub... You died in The Dungeons of Doom on dungeon level 8 with 9183 points, and 712 pieces of gold, after 3051 moves. You were level 6 with a maximum of 56 hit points when you died.